[Event "Titled Tuesday Blitz July 20 2021"]
[White "Mokshanov, Alexey"]
[Black "Najdin, Danil"]
[WhiteFideId "24121657"]
[BlackFideId "4172426"]
[WhiteElo "2262"]
[BlackElo "2193"]
[Result "1-0"]
[Round "09"]
[TimeControl "180+1"]
[Date "2021.07.21"]
[WhiteClock "0:00:31"]
[BlackClock "0:00:03"]

1. e4 e5 2. Nf3 Nc6 3. d4 exd4 4. Nxd4 Nf6 5. Nxc6 bxc6 6. e5 Qe7 7. Qe2 Nd5 8. c4 Nb6 9. Nc3 d6 10. Bf4 dxe5 11. Qxe5 Qxe5+ 12. Bxe5 Be6 13. b3 O-O-O 14. Be2 f6 15. Bf4 Bb4 16. Rc1 Ba3 17. Rd1 Bb4 18. Rc1 Ba3 19. Rd1 Bb4 20. Bd2 Bf5 21. Ne4 Bxd2+ 22. Nxd2 Rhe8 23. Nf3 Rxd1+ 24. Kxd1 Nd7 25. Nd4 Bb1 26. Kd2 Bxa2 27. Ra1 c5 28. Nc6 Bxb3 29. Rxa7 Nb6 30. Bg4+ f5 31. Bxf5+ Nd7 32. Na5 Kb8 33. Rb7+ Kc8 34. Rxb3 1-0


[Site "https://www.chess.com"]

[Event "Titled Tuesday Blitz July 20 2021"]
[White "Molina, Roberto Junio Brito"]
[Black "Song, Michael"]
[WhiteFideId "2109450"]
[BlackFideId "2613190"]
[WhiteElo "2402"]
[BlackElo "2274"]
[Result "1-0"]
[Round "09"]
[TimeControl "180+1"]
[Date "2021.07.21"]
[WhiteClock "0:01:20"]
[BlackClock "0:00:04"]

1. d4 Nf6 2. c4 c5 3. d5 e6 4. Nc3 exd5 5. cxd5 d6 6. e4 g6 7. h3 Bg7 8. Nf3 O-O 9. Bd3 Nh5 10. O-O Nd7 11. Bg5 Bf6 12. Be3 a6 13. a4 Bg7 14. Re1 Ne5 15. Be2 Nxf3+ 16. Bxf3 Qh4 17. Qd2 Qf6 18. a5 Qe5 19. Na4 Bd7 20. Nb6 Rad8 21. Nxd7 Rxd7 22. Rab1 c4 23. Rec1 Rc7 24. Qb4 Nf4 25. Rxc4 Nd3 26. Qb3 Rxc4 27. Qxc4 Nxb2 28. Qb3 Qc3 29. Qxb7 Nc4 30. Rc1 Qb2 31. Qxb2 Nxb2 32. Rc6 1-0


[Site "https://www.chess.com"]

[Event "Titled Tuesday Blitz July 20 2021"]
[White "Moroni, Luca Jr"]
[Black "Iskusnyh, Sergei"]
[WhiteFideId "865834"]
[BlackFideId "4120027"]
[WhiteElo "2491"]
[BlackElo "2492"]
[Result "1-0"]
[Round "09"]
[TimeControl "180+1"]
[Date "2021.07.20"]
[WhiteClock "0:00:07"]
[BlackClock "0:00:10"]

1. d4 d5 2. c4 e6 3. Nc3 dxc4 4. e4 c5 5. d5 Nf6 6. Bxc4 exd5 7. Nxd5 Be6 8. Nf3 Bxd5 9. Bxd5 Nxd5 10. exd5 Bd6 11. Bg5 Qa5+ 12. Bd2 Qa6 13. Qc2 Nd7 14. Qe4+ Kf8 15. Qf5 Re8+ 16. Be3 Nf6 17. a3 Qc4 18. Rd1 h6 19. Qd3 Qxd3 20. Rxd3 c4 21. Rd1 Ng4 22. Kd2 a6 23. Bd4 Ke7 24. h3 Nf6 25. Rhe1+ Kd7 26. Bxf6 gxf6 27. g3 b5 28. Kc2 Bc5 29. Rf1 Kd6 30. Nh4 Re5 31. f4 Re2+ 32. Rd2 Rhe8 33. Nf5+ Kd7 34. Nxh6 Bb6 35. Ng4 Ba5 36. Nxf6+ Kd6 37. Nxe8+ Rxe8 38. Rh2 Re3 39. h4 Bb6 40. h5 Bd4 41. h6 Rb3 42. Kc1 Rxg3 43. h7 Bh8 44. Re1 Kd7 45. d6 a5 46. Re7+ Kxd6 47. Re8 Rg1+ 48. Kc2 1-0


[Site "https://www.chess.com"]

[Event "Titled Tuesday Blitz July 20 2021"]
[White "Nakamura, Hikaru"]
[Black "Zubov, Alexander"]
[WhiteFideId "2016192"]
[BlackFideId "14109409"]
[WhiteElo "2900"]
[BlackElo "2740"]
[Result "1-0"]
[Round "09"]
[TimeControl "180+1"]
[Date "2021.07.20"]
[WhiteClock "0:00:11"]
[BlackClock "0:00:16"]

1. Nf3 g6 2. e4 Bg7 3. d4 d6 4. Bc4 Nc6 5. O-O Nf6 6. Qe2 Bg4 7. Rd1 O-O 8. h3 Bxf3 9. Qxf3 e5 10. c3 Nd7 11. Be3 Kh8 12. Bb5 f5 13. exf5 Rxf5 14. Qe2 exd4 15. cxd4 Nb6 16. Nc3 Nb4 17. a3 N4d5 18. Bd3 Nxe3 19. fxe3 Rf8 20. Be4 c6 21. Qd3 Qg5 22. Rf1 Bh6 23. Rae1 Rae8 24. Nd1 Qg3 25. Rxf8+ Rxf8 26. Rf1 Re8 27. Bf3 d5 28. b3 Nc8 29. Qc3 Nd6 30. Qe1 Qxe1 31. Rxe1 Nb5 32. Kf2 Nxa3 33. Re2 Nb5 34. Rd2 Kg7 35. Re2 Kf7 36. Ra2 a6 37. Be2 Nd6 38. Bd3 Ke7 39. Ke2 Kd7 40. Kf3 Rf8+ 41. Ke2 Kc7 42. Nf2 Bg5 43. Ng4 Re8 44. Kf3 Kb6 45. Ne5 Rf8+ 46. Kg4 Be7 47. Nd7+ Kc7 48. Nxf8 Bxf8 49. Kg5 Kd7 50. Kf6 Ke8 51. g4 Bh6 52. g5 Bf8 53. Ke5 Nf7+ 54. Kf4 Bd6+ 55. Kg4 Be7 56. h4 Nd6 57. Rh2 Kf7 58. h5 Kg7 59. hxg6 hxg6 60. Rh6 Nf7 61. Rxg6+ Kf8 62. e4 dxe4 63. Bxe4 a5 64. Re6 Bxg5 65. d5 cxd5 66. Bxd5 Be7 67. Bxb7 Nd6 68. Bd5 Kf7 69. Rxd6+ 1-0


[Site "https://www.chess.com"]

[Event "Titled Tuesday Blitz July 20 2021"]
[White "Nguyen, Hong Anh"]
[Black "Koridze, Lile"]
[WhiteFideId "12406732"]
[BlackFideId "13612514"]
[WhiteElo "1974"]
[BlackElo "1978"]
[Result "0-1"]
[Round "09"]
[TimeControl "180+1"]
[Date "2021.07.21"]
[WhiteClock "0:00:19"]
[BlackClock "0:00:05"]

1. d4 Nf6 2. c4 e6 3. Nf3 d5 4. g3 Bb4+ 5. Bd2 Be7 6. Bg2 O-O 7. O-O c6 8. Qc2 b6 9. Bf4 Bb7 10. Nbd2 Nbd7 11. e4 dxe4 12. Nxe4 c5 13. Nxf6+ Nxf6 14. dxc5 Bxc5 15. Rad1 Qe7 16. a3 a5 17. Ne5 Bxg2 18. Kxg2 Qb7+ 19. Kg1 Rad8 20. Bg5 Rxd1 21. Qxd1 Ne4 22. Bf4 b5 23. Nd7 Rc8 24. Nxc5 Nxc5 25. b4 Ne4 26. c5 axb4 27. axb4 Nc3 28. Qd3 Nd5 29. Bd2 Rd8 30. Qf3 Qd7 31. Rc1 Qc6 32. Qe4 h6 33. Qe5 Ra8 34. Ra1 Rd8 35. Bc3 f6 36. Qe1 e5 37. Bd2 Ne7 38. Bc3 Rd3 39. Rd1 Qf3 40. Rxd3 Qxd3 41. Qe3 Qd1+ 42. Kg2 Qd5+ 43. Qf3 e4 44. Qf4 e3+ 45. Qf3 e2 46. Qxd5+ Nxd5 47. Be1 Kf7 48. Kf3 Ke6 49. Kxe2 Ke5 50. Kd3 Ne7 51. Bc3+ Kd5 52. Bd2 Nc6 53. h4 Ne7 54. Bf4 Nc6 55. Kc3 Ne7 56. Bd6 Nf5 57. Bf8 g6 58. g4 Nxh4 59. Bxh6 Nf3 60. Bg7 f5 61. gxf5 gxf5 62. Bh6 Ne5 63. Bf4 Nc4 64. f3 Na3 65. Bc1 Nc4 66. f4 Ke4 67. c6 Nb6 68. c7 Nd5+ 69. Kb3 Nxc7 70. Bb2 Nd5 71. Be5 Nxf4 72. Bb8 Nd5 73. Bd6 f4 74. Kc2 f3 75. Kd2 Ne3 76. Ke1 Nc4 77. Bc5 Ne3 78. Kf2 Ng4+ 79. Kf1 Kd3 80. Bd6 Kc4 81. Bc5 f2 82. Kg2 Kd3 83. Kf1 Kc3 84. Bf8 Kc4 85. Be7 Kd3 86. Bf8 Ke4 87. Bc5 Kf3 88. Bd6 Ne3# 0-1


[Site "https://www.chess.com"]

[Event "Titled Tuesday Blitz July 20 2021"]
[White "Novikov, Evgenij"]
[Black "Boskovic, Drasko"]
[WhiteFideId "4125380"]
[BlackFideId "927368"]
[WhiteElo "2242"]
[BlackElo "2388"]
[Result "0-1"]
[Round "09"]
[TimeControl "180+1"]
[Date "2021.07.21"]
[WhiteClock "0:00:01"]
[BlackClock "0:00:34"]

1. e4 c5 2. Nf3 Nc6 3. Bb5 d6 4. Bxc6+ bxc6 5. h3 e5 6. d3 f5 7. exf5 Bxf5 8. Nbd2 Nf6 9. Qe2 Be7 10. O-O O-O 11. Nc4 Qd7 12. Kh2 Rae8 13. Bg5 h6 14. Bh4 g5 15. Bg3 Nd5 16. Qd2 Nf4 17. Ng1 Rf7 18. Ne3 Bg6 19. f3 h5 20. h4 gxh4 21. Bxf4 exf4 22. Nc4 Qf5 23. Nh3 d5 24. Na5 Bd8 25. Nxc6 Bb6 26. Rae1 Re6 27. Na5 Re3 28. Nb3 d4 29. Na5 Bc7 30. Nc4 Qf6 31. b4 Bf5 32. bxc5 Bxh3 33. gxh3 Rg7 34. Rg1 Rg3 35. Rxg3+ fxg3+ 36. Kg1 Bf4 37. Rxe3 dxe3 38. Qe2 Qc6 39. d4 Qd5 40. a3 Qxd4 41. c6 Qc5 42. Kg2 Qxc6 43. Qd3 Qe6 44. Qe2 Kg7 45. Nb2 Bd6 46. a4 Bc5 47. Nd3 Bd4 48. Nf4 Qf5 49. Nd3 a5 50. c4 Bb6 51. Qb2+ Qf6 52. Qb5 e2 53. Qd7+ Qf7 54. Qd6 Qxc4 55. Qxb6 Qxd3 56. Qb7+ Kf6 57. Qc6+ Ke5 58. Qc7+ Kd4 59. Qb6+ Kc4 60. Qb5+ Kd4 61. Qb6+ Kc3 62. Qxa5+ Kc2 63. Qc7+ Qc3 64. Qh7+ Kd2 65. Qb1 e1=Q 0-1


[Site "https://www.chess.com"]

[Event "Titled Tuesday Blitz July 20 2021"]
[White "Obolentseva, Alexandra"]
[Black "Shubenkova, Veronika"]
[WhiteFideId "24153648"]
[BlackFideId "44124040"]
[WhiteElo "2113"]
[BlackElo "1895"]
[Result "0-1"]
[Round "09"]
[TimeControl "180+1"]
[Date "2021.07.21"]
[WhiteClock "0:00:05"]
[BlackClock "0:00:51"]

1. d4 d5 2. c4 e6 3. Nc3 f5 4. Nf3 Nf6 5. Bf4 c6 6. e3 Bd6 7. Bd3 O-O 8. O-O Ne4 9. Be5 Bxe5 10. Nxe5 Nd7 11. Nxd7 Bxd7 12. f3 Nd6 13. c5 Ne8 14. Qc2 Nf6 15. e4 dxe4 16. fxe4 Be8 17. exf5 Qxd4+ 18. Kh1 exf5 19. Ne2 Qh4 20. Bxf5 Bf7 21. Rf4 Qh6 22. Raf1 Rae8 23. Ng3 Bd5 24. Kg1 Re7 25. Qc3 Rfe8 26. Bb1 Re3 27. Qd2 R3e6 28. Qf2 Nd7 29. Nf5 Qg5 30. Nd6 Re2 31. Nxe8 Rxf2 32. R4xf2 Qe3 33. Nd6 Nf6 34. Kh1 Qxc5 35. Nf5 Ng4 36. Re2 Nf6 37. Ne7+ Kf7 38. Nxd5 cxd5 39. Rfe1 Qd6 40. Rd2 Ng4 41. g3 h6 42. Be4 Nf6 43. Bg2 Qb4 44. Red1 Kg8 45. Bxd5+ Nxd5 46. Rxd5 Qxb2 47. Rf5 Qxa2 48. Rdf1 Qe6 49. Rf8+ Kh7 50. R8f2 a5 51. Rd2 a4 52. Rfd1 a3 53. Ra1 Qc6+ 54. Rg2 Qc3 55. Raa2 b5 56. Rgc2 Qf3+ 57. Kg1 b4 58. Rf2 Qe3 59. Re2 Qc5 60. Kg2 b3 61. Rf7 a2 62. Ree7 Qd5+ 63. Kh3 a1=Q 0-1


[Site "https://www.chess.com"]

[Event "Titled Tuesday Blitz July 20 2021"]
[White "Ovchinnikov, Vsevolod"]
[Black "Tomaszewski, Kacper"]
[WhiteFideId "24176842"]
[BlackFideId "1127373"]
[WhiteElo "2376"]
[BlackElo "2162"]
[Result "1/2-1/2"]
[Round "09"]
[TimeControl "180+1"]
[Date "2021.07.21"]
[WhiteClock "0:00:11"]
[BlackClock "0:00:11"]

1. d4 Nf6 2. c4 g6 3. Nc3 d5 4. Nf3 Bg7 5. h4 dxc4 6. e4 O-O 7. Bxc4 c5 8. d5 b5 9. Bxb5 Nxe4 10. Nxe4 Qa5+ 11. Nc3 Bxc3+ 12. bxc3 Qxb5 13. h5 Qc4 14. Rh4 Qxc3+ 15. Bd2 Qd3 16. Bh6 Qxd1+ 17. Rxd1 Re8 18. hxg6 fxg6 19. Ng5 Na6 20. a3 Nc7 21. Rc4 Na6 22. f3 Bd7 23. Ne6 Bxe6 24. dxe6 Red8 25. Rd7 Rxd7 26. exd7 Rd8 27. Ra4 Nb8 28. Rxa7 Nxd7 29. Bd2 Ne5 30. Rxe7 Nc4 31. Bc1 Ra8 32. Rc7 Ra5 33. Ke2 Nxa3 34. Kd3 c4+ 35. Ke4 Nb5 36. Rc8+ Kf7 37. Bf4 Nc3+ 38. Kd4 Ne2+ 39. Ke3 Nxf4 40. Kxf4 Ra4 41. Rc7+ Ke6 42. Rxh7 Kd6 43. Ke3 Ra2 44. Kd4 Rxg2 45. Kxc4 Rf2 46. Rh3 Ke5 47. Rg3 Kf5 48. Kd3 g5 49. Ke3 Ra2 50. Rg1 Ra3+ 51. Kf2 Kf4 52. Rg4+ Kf5 53. Kg3 Rb3 54. Rc4 Ra3 55. Rb4 Rc3 56. Rb5+ Kf6 57. Ra5 Rb3 58. Kg4 Rb4+ 59. Kg3 Rb3 60. Kg4 Rb4+ 61. Kg3 Rb3 1/2-1/2


[Site "https://www.chess.com"]

[Event "Titled Tuesday Blitz July 20 2021"]
[White "Pajeken, Jakob Leon"]
[Black "Al-Tarboush, Ward"]
[WhiteFideId "12942839"]
[BlackFideId "7601450"]
[WhiteElo "2231"]
[BlackElo "2319"]
[Result "0-1"]
[Round "09"]
[TimeControl "180+1"]
[Date "2021.07.21"]
[WhiteClock "0:00:07"]
[BlackClock "0:00:10"]

1. d4 d5 2. Nf3 Nf6 3. Bf4 c5 4. e3 Nc6 5. Nbd2 Bf5 6. dxc5 e6 7. Nb3 Ne4 8. Nfd4 Bg6 9. Bb5 Rc8 10. Nxc6 bxc6 11. Ba6 Nxc5 12. Bxc8 Qxc8 13. O-O Be7 14. c4 O-O 15. Nxc5 Bxc5 16. cxd5 exd5 17. Rc1 Bb6 18. Qa4 Qg4 19. Qxc6 Be4 20. Bg3 d4 21. f3 Bxc6 22. fxg4 dxe3 23. Rxc6 e2+ 24. Bf2 Bxf2+ 25. Kxf2 exf1=Q+ 26. Kxf1 Rb8 27. b3 g5 28. h3 Rb5 29. Ke2 Kg7 30. Kd3 Rd5+ 31. Ke3 Re5+ 32. Kf3 Rd5 33. Rc2 Kf6 34. Ke4 Rd1 35. Rc6+ Kg7 36. Rc5 h6 37. Ra5 Re1+ 38. Kf3 Re7 39. g3 Kf6 40. Ra6+ Ke5 41. Rd6 Kxd6 42. h4 Rc7 43. h5 Rc2 44. Ke4 Rxa2 45. Kf5 Ke7 46. b4 a5 47. Ke4 axb4 48. Ke5 b3 49. Kf5 b2 50. Ke5 b1=Q 51. Kd4 Qb4+ 52. Ke3 Qc4 53. Kf3 Qe2# 0-1


[Site "https://www.chess.com"]

[Event "Titled Tuesday Blitz July 20 2021"]
[White "Perez Rodriguez, Luis Manuel"]
[Black "Tronenkovs, Valdis"]
[WhiteFideId "3503364"]
[BlackFideId "11601558"]
[WhiteElo "2429"]
[BlackElo "2232"]
[Result "1/2-1/2"]
[Round "09"]
[TimeControl "180+1"]
[Date "2021.07.21"]
[WhiteClock "0:00:55"]
[BlackClock "0:00:02"]

1. e4 c5 2. Nf3 Nc6 3. c3 Nf6 4. e5 Nd5 5. Bc4 Nb6 6. Bb3 d6 7. exd6 Qxd6 8. Na3 Be6 9. O-O Bxb3 10. axb3 e6 11. Nc4 Qc7 12. d4 Rd8 13. Be3 cxd4 14. Nxd4 Nxd4 15. Bxd4 Nxc4 16. bxc4 Bc5 17. Qa4+ Ke7 18. Bxc5+ Qxc5 19. Qxa7 Qxa7 20. Rxa7 Rd7 21. g3 Rc8 22. b3 Rcc7 23. Rfa1 Rd3 24. R1a4 Kd7 25. Rb4 Kc6 26. h4 Rxc3 27. Kg2 h5 28. Ra8 g6 29. Ra5 Kd6 30. Rab5 Kc6 31. Rb6+ Kc5 32. Rxb7 Rxb7 33. Rxb7 f5 34. Rb5+ Kd4 35. Rb6 e5 36. Rxg6 Rxb3 37. Rg5 f4 38. Rxh5 fxg3 39. fxg3 e4 40. Rd5+ Ke3 41. h5 Rb2+ 42. Kh3 Rb1 43. Kg4 Kf2 44. Rf5+ Ke2 45. h6 e3 46. h7 Rb8 47. Kg5 Kd3 48. Re5 Kd4 49. Rxe3 Kxe3 50. Kh6 Kf3 51. c5 Kxg3 52. c6 Kf4 53. c7 Rc8 54. Kg6 Ke5 55. Kg7 Rxc7+ 56. Kg8 Rc8+ 57. Kg7 Rc7+ 58. Kg8 Ke6 59. h8=Q Rc8+ 60. Kh7 Rxh8+ 61. Kxh8 1/2-1/2


[Site "https://www.chess.com"]

[Event "Titled Tuesday Blitz July 20 2021"]
[White "Plotnikov, Pavel"]
[Black "Ivanov, Mike"]
[WhiteFideId "4170342"]
[BlackFideId "2613158"]
[WhiteElo "2298"]
[BlackElo "2197"]
[Result "0-1"]
[Round "09"]
[TimeControl "180+1"]
[Date "2021.07.21"]
[WhiteClock "0:00:18"]
[BlackClock "0:00:09"]

1. e4 e6 2. d3 d5 3. Nd2 a5 4. Ngf3 a4 5. a3 Nf6 6. g3 Be7 7. Bg2 O-O 8. O-O c5 9. e5 Nfd7 10. Re1 Nc6 11. Nf1 Rb8 12. h4 b5 13. N1h2 b4 14. Bf4 bxa3 15. bxa3 c4 16. d4 Rb2 17. Qc1 Qb6 18. Rd1 c3 19. Ng4 f5 20. exf6 Nxf6 21. Nge5 Ne4 22. Nxc6 Qxc6 23. Ne5 Qa6 24. Rd3 Bf6 25. f3 Nd6 26. Rxc3 Rb6 27. Bf1 Qa8 28. Qd2 Nf5 29. Re1 Qa7 30. Kh2 Rb2 31. Nc6 Qb6 32. Be5 Bxe5 33. Rxe5 Bd7 34. Nb4 Nxd4 35. Qc1 Rxb4 36. axb4 Nxf3+ 37. Rxf3 Rxf3 38. Bg2 Qf2 39. Qd1 Qxg3+ 40. Kg1 Rf2 41. Rg5 Rxg2+ 42. Kf1 Qf2# 0-1


[Site "https://www.chess.com"]

[Event "Titled Tuesday Blitz July 20 2021"]
[White "Pourkashiyan, Atousa"]
[Black "Gelman, Alexander"]
[WhiteFideId "12502014"]
[BlackFideId "4118316"]
[WhiteElo "2285"]
[BlackElo "2375"]
[Result "0-1"]
[Round "09"]
[TimeControl "180+1"]
[Date "2021.07.21"]
[WhiteClock "0:00:03"]
[BlackClock "0:00:12"]

1. e4 b6 2. d4 Bb7 3. Nc3 e6 4. Nf3 Bb4 5. Bd3 Nf6 6. Qe2 d5 7. e5 Ne4 8. Bd2 Bxc3 9. bxc3 c5 10. O-O O-O 11. Rab1 Nd7 12. Ne1 f6 13. f4 fxe5 14. fxe5 Rxf1+ 15. Kxf1 Qh4 16. Nf3 Qh5 17. Kg1 c4 18. Bxe4 dxe4 19. Qxc4 Bd5 20. Qc7 exf3 21. Be1 Nf8 22. c4 Be4 23. d5 fxg2 24. Bg3 exd5 25. Re1 Qf3 26. e6 Nxe6 27. Qd6 Re8 28. cxd5 Ng5 29. h4 Nh3+ 30. Kh2 g1=Q+ 31. Rxg1 Nxg1 32. Kxg1 Qg2# 0-1


[Site "https://www.chess.com"]

[Event "Titled Tuesday Blitz July 20 2021"]
[White "Primbetov, Kazbek"]
[Black "Borsuk, Konstantin"]
[WhiteFideId "13702297"]
[BlackFideId "14113406"]
[WhiteElo "2184"]
[BlackElo "2363"]
[Result "0-1"]
[Round "09"]
[TimeControl "180+1"]
[Date "2021.07.21"]
[WhiteClock "0:00:36"]
[BlackClock "0:01:15"]

1. f4 c5 2. Nf3 d5 3. b3 g6 4. Bb2 Nf6 5. e3 Bg7 6. Be2 Nc6 7. O-O a6 8. Ne5 Qc7 9. c4 dxc4 10. Bxc4 O-O 11. Qf3 Nb4 12. Nc3 Bf5 13. a3 Nc6 14. Nxc6 bxc6 15. e4 Nxe4 16. Nxe4 Bxb2 17. Rae1 Bxa3 18. Ng5 Qd7 19. h3 Rad8 20. g4 Bd3 21. Bxd3 Qxd3 22. Re3 Qxd2 23. f5 Bb2 24. Re2 Bd4+ 25. Kh1 Qxg5 0-1


[Site "https://www.chess.com"]

[Event "Titled Tuesday Blitz July 20 2021"]
[White "Prraneeth Vuppala"]
[Black "Shahade, Gregory"]
[WhiteFideId "46622373"]
[BlackFideId "2009064"]
[WhiteElo "1759"]
[BlackElo "2691"]
[Result "1-0"]
[Round "09"]
[TimeControl "180+1"]
[Date "2021.07.20"]
[WhiteClock "0:00:18"]
[BlackClock "0:00:05"]

1. d4 Nf6 2. c4 g6 3. Nc3 d5 4. Nf3 Bg7 5. Qb3 dxc4 6. Qxc4 O-O 7. e4 a6 8. Be2 b5 9. Qb3 c5 10. dxc5 Be6 11. Qc2 Nbd7 12. Be3 Rc8 13. O-O Nxc5 14. Rad1 Qa5 15. Ng5 b4 16. Nd5 Nxd5 17. exd5 Bf5 18. Qd2 h6 19. Bxc5 Rxc5 20. Nf3 Qxa2 21. Qxb4 Rc2 22. Bd3 Bxd3 23. Rxd3 Bf6 24. b3 Rfc8 25. h4 Rc1 26. Rdd1 R1c3 27. h5 g5 28. d6 exd6 29. Qxd6 R3c6 30. Qd5 Rc5 31. Qd7 Qxb3 32. Nd4 Qd5 33. Qg4 Rc4 34. Nf5 Rxg4 35. Rxd5 Kh7 36. Rd7 Rf8 37. Rd6 Be5 38. Rxh6+ Kg8 39. Ne7+ Kg7 40. Nf5+ Kg8 41. Rxa6 f6 42. Nh6+ Kh7 43. Nxg4 Bd4 44. Ne3 Re8 45. Rd1 Re4 46. Ra4 1-0


[Site "https://www.chess.com"]

[Event "Titled Tuesday Blitz July 20 2021"]
[White "Quintiliano Pinto, Renato R."]
[Black "Trakru, Rohun"]
[WhiteFideId "2117568"]
[BlackFideId "2097613"]
[WhiteElo "2439"]
[BlackElo "1746"]
[Result "1-0"]
[Round "09"]
[TimeControl "180+1"]
[Date "2021.07.21"]
[WhiteClock "0:01:15"]
[BlackClock "0:00:01"]

1. d4 d5 2. c4 c6 3. Nc3 Nf6 4. e3 g6 5. Nf3 Bg7 6. Be2 O-O 7. O-O Bg4 8. b3 e6 9. h3 Bxf3 10. Bxf3 Nbd7 11. Bb2 Qb6 12. Rb1 Rfe8 13. Qd3 Qc7 14. Rbc1 Qb6 15. Rfd1 dxc4 16. Qxc4 e5 17. d5 e4 18. Nxe4 Ne5 19. Bxe5 Rxe5 20. Nxf6+ Bxf6 21. dxc6 bxc6 22. Rd6 Bg5 23. Rxc6 Qa5 24. Rxg6+ hxg6 25. Bxa8 Qxa2 26. f4 Qd2 27. fxg5 Rxe3 28. Rf1 Re1 29. Qxf7+ 1-0


[Site "https://www.chess.com"]

[Event "Titled Tuesday Blitz July 20 2021"]
[White "Quparadze, Giga"]
[Black "Asadli, Vugar"]
[WhiteFideId "13602250"]
[BlackFideId "13405764"]
[WhiteElo "2658"]
[BlackElo "2386"]
[Result "1-0"]
[Round "09"]
[TimeControl "180+1"]
[Date "2021.07.20"]
[WhiteClock "0:00:38"]
[BlackClock "0:00:30"]

1. e4 c6 2. d4 d5 3. Nc3 dxe4 4. Nxe4 Nf6 5. Nxf6+ exf6 6. c3 Bd6 7. Bd3 O-O 8. Qc2 Re8+ 9. Ne2 h5 10. O-O h4 11. h3 Nd7 12. Be3 Nf8 13. c4 Ne6 14. Rfe1 Ng5 15. Bf5 Bxf5 16. Qxf5 g6 17. Qd3 f5 18. Rad1 Ne4 19. Bf4 Bxf4 20. Nxf4 Qa5 21. a3 Rad8 22. d5 Qc7 23. Qe3 cxd5 24. cxd5 Qc2 25. Qd4 Nd6 26. Rc1 Re4 27. Qf6 Rxe1+ 28. Rxe1 Qc7 29. Qxh4 Ne4 30. Qh6 Qb6 31. Rf1 Rc8 32. Ne6 fxe6 33. Qxg6+ Kf8 34. dxe6 Nd6 35. Re1 Ke7 36. Qg7+ Ke8 37. Qd7+ Kf8 38. e7+ 1-0


[Site "https://www.chess.com"]

[Event "Titled Tuesday Blitz July 20 2021"]
[White "Rodriguez Hernandez, Luis Daniel"]
[Black "Howell, David W L"]
[WhiteFideId "3506770"]
[BlackFideId "410608"]
[WhiteElo "2133"]
[BlackElo "2643"]
[Result "0-1"]
[Round "09"]
[TimeControl "180+1"]
[Date "2021.07.20"]
[WhiteClock "0:00:11"]
[BlackClock "0:00:06"]

1. e4 e6 2. d4 d5 3. exd5 exd5 4. Nf3 Nf6 5. Bd3 Bd6 6. Qe2+ Be6 7. Ng5 Qe7 8. Nxe6 Qxe6 9. Qxe6+ fxe6 10. f4 c5 11. dxc5 Bxc5 12. Nc3 Nc6 13. a3 Kf7 14. Bd2 Rhe8 15. Nb5 Rac8 16. b4 Bf8 17. O-O-O a6 18. Nc3 a5 19. Na2 g6 20. h3 Ra8 21. Kb2 axb4 22. axb4 Bg7 23. Bc3 Nh5 24. Bxg7 Kxg7 25. Rhf1 Rf8 26. Rfe1 Nxf4 27. Bf1 Rf6 28. c4 dxc4 29. Rd7+ Rf7 30. Rxf7+ Kxf7 31. Bxc4 Nd5 32. Nc3 Ncxb4 33. Ne4 h6 34. Kb3 b6 35. Nd6+ Ke7 36. Nb5 Rd8 37. Nd4 Rd6 38. Bxd5 Nxd5 39. Kc4 Nc7 40. Ra1 e5 41. Nf3 Kf6 42. Re1 Rc6+ 43. Kd3 Rc5 44. Nd2 Ke6 45. Ne4 Rd5+ 46. Ke3 Ne8 47. Rc1 Nd6 48. Rc6 Kd7 49. Rxb6 Nc4+ 0-1


[Site "https://www.chess.com"]

[Event "Titled Tuesday Blitz July 20 2021"]
[White "Rorrer, Grayson"]
[Black "Gontcharov, Vladislav"]
[WhiteFideId "30944996"]
[BlackFideId "4123492"]
[WhiteElo "2122"]
[BlackElo "2503"]
[Result "0-1"]
[Round "09"]
[TimeControl "180+1"]
[Date "2021.07.21"]
[WhiteClock "0:00:08"]
[BlackClock "0:00:21"]

1. e4 e6 2. d4 d5 3. Nd2 Be7 4. Ngf3 Nf6 5. e5 Nfd7 6. Bd3 c5 7. c3 Nc6 8. O-O g5 9. Qe2 g4 10. Ne1 cxd4 11. cxd4 Nxd4 12. Qxg4 Qb6 13. Nb1 h5 14. Qg7 Rf8 15. Nc3 a6 16. Be3 Qxb2 17. Bxd4 Qxa1 18. Nc2 Qb2 19. Rb1 Qxb1+ 20. Nxb1 Nc5 21. Be2 Bd7 22. Qg3 h4 23. Qe3 Rc8 24. Nd2 Rg8 25. h3 Bg5 26. f4 Be7 27. Bf3 Rg3 28. Ne1 Bb5 29. Nf1 Rg8 30. Be2 Bxe2 31. Qxe2 Ne4 32. Qb2 b5 33. a4 Rc4 34. Nf3 Rxa4 35. Ne3 Kd7 36. f5 Rc8 37. fxe6+ fxe6 38. Ng4 Rac4 39. Nf6+ Kd8 0-1


[Site "https://www.chess.com"]

[Event "Titled Tuesday Blitz July 20 2021"]
[White "Rozhkov, Viacheslav"]
[Black "Shvedova, Alexandra"]
[WhiteFideId "4181484"]
[BlackFideId "54154782"]
[WhiteElo "2324"]
[BlackElo "1887"]
[Result "1/2-1/2"]
[Round "09"]
[TimeControl "180+1"]
[Date "2021.07.21"]
[WhiteClock "0:00:08"]
[BlackClock "0:00:11"]

1. e4 e5 2. Nf3 Nc6 3. d4 exd4 4. Bc4 Bc5 5. Ng5 Nh6 6. Nxf7 Nxf7 7. Bxf7+ Kxf7 8. Qh5+ g6 9. Qxc5 d5 10. O-O dxe4 11. Nd2 Re8 12. Qc4+ Kg7 13. Nb3 Be6 14. Qb5 Qd5 15. Qxb7 Rec8 16. Bf4 Rab8 17. Qa6 Nb4 18. Qe2 Rf8 19. Bxc7 Rbc8 20. c3 d3 21. Qd2 Rxc7 22. cxb4 Rc2 23. Qe3 Rxb2 24. Nd2 Rxb4 25. a3 Ra4 26. Rac1 Rf7 27. Rc5 Qd4 28. Qg5 h6 29. Qe5+ Qxe5 30. Rxe5 Bf5 31. h3 Rc7 32. g4 Kf6 33. f4 exf3 34. Nxf3 Bc8 35. Re3 Rxa3 36. Nd4+ Kg7 37. Nb5 Rac3 38. Nxc3 Rxc3 39. Re7+ Kg8 40. Re3 a5 41. Rf6 d2 42. Re8+ Kg7 43. Rf1 Rc1 44. Rd8 Ba6 45. Rd7+ Kg8 46. Rd8+ Kg7 47. Rd7+ Kg8 48. Rd8+ Kg7 1/2-1/2


[Site "https://www.chess.com"]

[Event "Titled Tuesday Blitz July 20 2021"]
[White "Saravana, Krishnan P."]
[Black "Tanenbaum, Zachary"]
[WhiteFideId "5018382"]
[BlackFideId "2060850"]
[WhiteElo "2245"]
[BlackElo "2165"]
[Result "0-1"]
[Round "09"]
[TimeControl "180+1"]
[Date "2021.07.21"]
[WhiteClock "0:00:02"]
[BlackClock "0:00:49"]

1. e4 e5 2. Nf3 Nc6 3. Bb5 a6 4. Ba4 d6 5. O-O Nf6 6. d3 b5 7. Bb3 Na5 8. Bd2 Nxb3 9. axb3 Be7 10. Nc3 Bb7 11. h3 O-O 12. Re1 Nd7 13. b4 f5 14. Qb1 Qe8 15. Qa2+ Kh8 16. Nd5 Bd8 17. Nh2 Qg6 18. Kh1 fxe4 19. Rxe4 Rxf2 20. Rg4 Qf7 21. Be1 Bxd5 22. c4 bxc4 23. dxc4 Be6 24. Bxf2 Bxg4 25. Nxg4 h5 26. b5 hxg4 27. bxa6 Qxf2 28. Qa3 gxh3 29. Qxh3+ Qh4 30. b4 Qxh3+ 31. gxh3 Nb6 32. c5 dxc5 33. bxc5 Nd7 0-1


[Site "https://www.chess.com"]

[Event "Titled Tuesday Blitz July 20 2021"]
[White "Seo, Jung Min"]
[Black "Sargsyan, Anna M."]
[WhiteFideId "1734687"]
[BlackFideId "13308130"]
[WhiteElo "2486"]
[BlackElo "2263"]
[Result "1-0"]
[Round "09"]
[TimeControl "180+1"]
[Date "2021.07.20"]
[WhiteClock "0:01:00"]
[BlackClock "0:00:32"]

1. e4 c6 2. d4 d5 3. exd5 cxd5 4. Bd3 Nc6 5. c3 Qc7 6. h3 e5 7. dxe5 Nxe5 8. Nf3 Nxd3+ 9. Qxd3 Nf6 10. O-O Be7 11. Bg5 O-O 12. Nbd2 h6 13. Bxf6 Bxf6 14. Qxd5 Rd8 15. Qc4 Qb6 16. Qb3 Qa6 17. Ne4 Be7 18. Rfe1 Be6 19. Qc2 Rac8 20. a3 Qb6 21. Rac1 Bb3 22. Qb1 Bf8 23. Nd4 Bd5 24. Rcd1 a5 25. Qc2 Qg6 26. Qe2 Bc4 27. Qg4 Qxg4 28. hxg4 b5 29. Nf5 Bb3 30. Rd4 Rxd4 31. Nxd4 Bc4 32. Nd2 b4 33. axb4 axb4 34. Nxc4 Rxc4 35. Re3 bxc3 36. bxc3 Bc5 37. Rd3 g6 38. Kf1 Bxd4 39. cxd4 Kf8 40. Ke2 Rc2+ 41. Rd2 Rc1 42. Ra2 Ke7 43. Ra7+ Ke6 44. Ra6+ Kd5 45. Rf6 Rc7 46. Kd3 Ra7 47. Rf4 Ra2 48. Rxf7 Ra3+ 49. Ke2 Kxd4 50. Rf6 Ra2+ 51. Kf3 g5 52. g3 Ra3+ 53. Kg2 Ke5 54. Rxh6 Ra4 55. Rg6 Rxg4 56. Kf3 Kf5 57. Rf6+ 1-0


[Site "https://www.chess.com"]